 Dungeon Crawl Stone Soup version 0.16.2-12-gd0ad4c3 (webtiles) character file.

38 faibistes the Magician (level 3, -2/19 HPs)
             Began as a Deep Elf Wizard on May 27, 2018.
             Slain by an adder (4 damage)
             ... on level 3 of the Dungeon.
             The game lasted 00:03:20 (1708 turns).

faibistes the Magician (Deep Elf Wizard)            Turns: 1708, Time: 00:03:20

Health: -2/19      AC:  5    Str:  4    XL:     3   Next: 25%
Magic:  9/14       EV: 13    Int: 23    God:
Gold:   118        SH:  0    Dex: 13    Spells: 5 memorised, 1 level left

rFire  . . .     SeeInvis .     q - +0 dagger
rCold  . . .     Clarity  .     a - +0 robe
rNeg   . . .     SustAb   .     (no shield)
rPois  .         Gourm    .     r - +2 helmet
rElec  .         Spirit   .     (no cloak)
rCorr  .         Warding  .     (no gloves)
rMut   .         Stasis   .     (no boots)
MR     .....                    (no amulet)
Stlth  ++........               (no ring)
                                (no ring)

@: not resistant to hostile enchantments, unstealthy
A: no striking features
a: no special abilities


You were on level 3 of the Dungeon.
You were not hungry.

You visited 1 branch of the dungeon, and saw 3 of its levels.

You collected 118 gold pieces.

Inventory:

Hand weapons
 l - a +0 club
 q - a +0 dagger (weapon)
Armour
 a - a +0 robe (worn)
 b - a +0 hat
 r - a +2 helmet (worn)
Scrolls
 e - a scroll of remove curse {unknown}
 f - 2 scrolls of identify {unknown}
 g - a scroll of amnesia {unknown}
 h - a scroll of magic mapping {unknown}
 i - a scroll of immolation {unknown}
 o - a scroll of fog {unknown}
 s - a scroll of blinking {unknown}
Potions
 m - a potion of curing
 p - a potion of agility {unknown}
Books
 c - a book of Minor Magic

   Spells                             Type                      Level
   a - Magic Dart                     Conjuration                  1
   b - Blink                          Translocation                2
   c - Call Imp                       Summoning                    2
   d - Repel Missiles                 Charms/Air                   2
   e - Slow                           Hexes                        2
   f - Conjure Flame                  Conjuration/Fire             3
   g - Mephitic Cloud                 Conjuration/Poison/Air       3
Comestibles
 d - 3 bread rations
 j - 4 fruits
 n - a slice of pizza


   Skills:
 + Level 2.8 Dodging
 - Level 2.4 Stealth
 * Level 5.3 Spellcasting
 * Level 2.1 Conjurations
 - Level 1.1 Summonings
 - Level 1.1 Translocations


You had one spell level left.
You knew the following spells:

 Your Spells              Type           Power        Failure   Level  Hunger
a - Magic Dart            Conj           ###.         3%          1    None
b - Conjure Flame         Conj/Fire      ##......     21%         3    ##.....
c - Call Imp              Summ           ##......     12%         2    None
d - Blink                 Tloc           N/A          12%         2    None
e - Mephitic Cloud        Conj/Pois/Air  #.......     21%         3    ##.....


Dungeon Overview and Level Annotations

Branches:
Dungeon (3/15)

Altars:


Message History

Confirm with . or Enter, or press ? or * to list all spells.
Aiming: Magic Dart
Press: ? - help, Shift-Dir - straight line, f/p - giant gecko
Aim: a giant gecko (severely wounded, clinging)
The magic dart hits the giant gecko.
You kill the giant gecko!
Casting: Magic Dart
Confirm with . or Enter, or press ? or * to list all spells.
Aiming: Mephitic Cloud
Press: ? - help, Shift-Dir - straight line The ball explodes into a vile cloud!
The stinking cloud engulfs the adder.
The stinking cloud engulfs the orc. x2
The orc priest invokes the aid of Beogh against you.
Something smites you!
Ouch! That really hurt!
* * * LOW HITPOINT WARNING * * *
The orc is engulfed in noxious fumes.
The orc appears confused.
The orc is engulfed in noxious fumes.
The adder bites you.
You die...

... ......
.......
.......#
....o..o.
...l.>§§#
......oo#
#......S§#
#....†..@#
##########


You could see an orc priest, an adder, 3 orcs and a giant newt.

Vanquished Creatures
  An adder (D:2)
  A giant gecko (D:3)
  4 bats
  A giant cockroach (D:1)
  A goblin (D:2)
  A hobgoblin (D:1)
  3 jackals (D:1)
  A quokka (D:2)
  A giant newt (D:2)
  3 kobolds
  4 rats
21 creatures vanquished.

Vanquished Creatures (collateral kills)
  An adder (D:2)
  A goblin (D:2)
  A hobgoblin (D:2)
  A rat (D:2)
4 creatures vanquished.

Grand Total: 25 creatures vanquished

Notes
Turn   | Place    | Note
--------------------------------------------------------------
     0 | D:1      | faibistes, the Deep Elf Wizard, began the quest for the Orb.
     0 | D:1      | Reached XP level 1. HP: 10/10 MP: 6/6
   881 | D:1      | Reached XP level 2. HP: 15/15 MP: 7/10
   907 | D:1      | Learned a level 2 spell: Blink
   910 | D:1      | Learned a level 2 spell: Call Imp
  1270 | D:2      | Reached skill level 5 in Spellcasting
  1398 | D:2      | Reached XP level 3. HP: 16/19 MP: 6/14
  1403 | D:2      | Learned a level 3 spell: Conjure Flame
  1407 | D:2      | Learned a level 3 spell: Mephitic Cloud
  1708 | D:3      | Slain by an adder

Action                   || total
-------------------------++-------
Melee: Club              ||     3
 Cast: Magic Dart        ||    46
       Call Imp          ||     6
       Blink             ||     2
       Mephitic Cloud    ||     1
  Use: Potion            ||     1
  Eat: Chunk             ||     2
